 Dungeon Crawl Stone Soup version 0.28-a0-724-g66f9036eb4 (webtiles) character file.

Game seed: 15225954706347979450

911 flotson the Skirmisher (level 7, -10/56 HPs)
             Began as a Demonspawn Delver on Oct 26, 2021.
             Mangled by a two-headed ogre (13 damage)
             ... on level 4 of the Dungeon.
             The game lasted 00:11:01 (8698 turns).

flotson the Skirmisher (Demonspawn Delver)          Turns: 8698, Time: 00:11:02

Health: -10/56     AC:  8    Str: 15    XL:     7   Next: 82%
Magic:  7/7        EV: 11    Int: 11    God:
Gold:   145        SH:  0    Dex: 14    Spells: 6/6 levels left

rFire   + . .      SeeInvis .   a - +1 hand axe (vorpal)
rCold   . . .      Faith    .   (no shield)
rNeg    . . .      Spirit   .   q - +2 scale mail {rF+}
rPois   .          Reflect  .   (no helmet)
rElec   .          Harm     .   (no cloak)
rCorr   .          Rampage  .   (gloves unavailable)
Will    .....                   (no boots)
Stlth   +.........              (no amulet)
HPRegen 0.18/turn               (no ring)
MPRegen 0.10/turn               (no ring)

@: no status effects
A: claws 3
a: no special abilities


You were on level 4 of the Dungeon.
You visited 1 branch of the dungeon, and saw 5 of its levels.

You collected 145 gold pieces.

Inventory:

Hand Weapons
 a - a +1 vorpal hand axe (weapon)
Missiles
 k - a javelin (quivered)
 l - 8 poisoned darts
 o - 6 boomerangs
Armour
 m - a +0 pair of gloves
 q - a +2 scale mail of fire resistance (worn)
Wands
 g - a wand of digging (3)
Scrolls
 b - 3 scrolls of identify {unknown}
 c - a scroll of fog
 d - 3 scrolls of teleportation {unknown}
 f - 3 scrolls of noise {unknown}
 h - a scroll of vulnerability {unknown}
 i - a scroll of immolation {unknown}
 j - a scroll of enchant armour {unknown}
 n - 2 scrolls of enchant weapon {unknown}
 r - a scroll of holy word {unknown}


   Skills:
 + Level 5.0 Fighting
 + Level 4.1 Axes
 + Level 2.8 Throwing
 + Level 3.5 Armour
 + Level 4.1 Dodging
 - Level 4.5 Stealth


You had 6 spell levels left.
You didn't know any spells.
Your spell library contained the following spells:

 Spells                   Type           Power      Damage    Failure   Level
 Apportation              Tloc           0%         N/A       78%         1
 Beastly Appendage        Tmut           0%         N/A       78%         1
 Shock                    Conj/Air       0%         1d3       78%         1
 Corpse Rot               Necr/Air       0%         N/A       89%         2
 Ensorcelled Hibernation  Hex/Ice        0%         N/A       89%         2
 Poisonous Vapours        Pois/Air       0%         N/A       89%         2
 Wereblood                Tmut           0%         N/A       89%         2
 Gell's Gravitas          Tloc           0%         N/A       98%         3
 Spider Form              Tmut/Pois      0%         N/A       98%         3
 Swiftness                Air            0%         N/A       98%         3
 Teleport Other           Tloc           0%         N/A       98%         3
 Airstrike                Air            0%         N/A       100%        4
 Dispersal                Tloc           0%         N/A       100%        6


Dungeon Overview and Level Annotations

Branches:
Dungeon (5/15)
 Temple: D:4-7

Altars:
Cheibriados
Okawaru
Sif Muna
Trog
Uskayaw

Shops:
D:3 [

Annotations:
D:2 1 runed translucent door, Crazy Yiuf
D:3 1 runed translucent door, Fateal's ghost, amateur FoHu


Innate Abilities, Weirdness & Mutations

You have claws for hands.


Message History

Throw: 5 javelins
Press: ? - help, Q - select action, (/) - cycle Shift-Dir - straight line, f - two-headed ogre
Aim: a two-headed ogre, wielding a +0 giant spiked club and a +0 giant club (76% to hit)
You throw a javelin.
The javelin pierces through the two-headed ogre.
The two-headed ogre is lightly wounded.
Throw: 4 javelins
Press: ? - help, Q - select action, (/) - cycle Shift-Dir - straight line, f/p - two-headed ogre
Aim: a two-headed ogre, wielding a +0 giant spiked club and a +0 giant club (lightly wounded, 76% to hit)
You throw a javelin.
The javelin pierces through the two-headed ogre!
The two-headed ogre is moderately wounded.
Throw: 3 javelins
Press: ? - help, Q - select action, (/) - cycle Shift-Dir - straight line, f/p - two-headed ogre
Aim: a two-headed ogre, wielding a +0 giant spiked club and a +0 giant club (moderately wounded, 76% to hit)
You throw a javelin.
The javelin pierces through the two-headed ogre!
The two-headed ogre is heavily wounded.
Throw: 2 javelins
Press: ? - help, Q - select action, (/) - cycle Shift-Dir - straight line, f/p - two-headed ogre
Aim: a two-headed ogre, wielding a +0 giant spiked club and a +0 giant club (heavily wounded, 76% to hit)
You throw a javelin.
The javelin pierces through the two-headed ogre!
The two-headed ogre is severely wounded.
You hit the two-headed ogre but do no damage.
The two-headed ogre is severely wounded.
The two-headed ogre closely misses you.
The two-headed ogre hits you with a +0 giant club!
You hit the two-headed ogre.
The two-headed ogre is severely wounded.
The two-headed ogre hits you with a +0 giant spiked club!!
Ouch! That really hurt!
* * * LOW HITPOINT WARNING * * *
The two-headed ogre hits you with a +0 giant club!
* * * LOW HITPOINT WARNING * * *
You hit the two-headed ogre but do no damage.
The two-headed ogre is severely wounded.
The two-headed ogre barely misses you.
The two-headed ogre hits you with a +0 giant club!
You die...

#.# #<...#.# #.##..# ##
##.######.#.###.##..# .# ##.#.##
#.#.....>...# .# #.###.#
#.#####.##.##### .# ##.#.## #.#
##.....#.≈≈# .# ##..#
##.###...≈≈.#.≈.# .# ##.#
#........≈≈≈...≈. )#
#.####..###.....≈≈≈..≈ .#
#.##.@O..[..(.♣.≈.≈#≈. .#
#.##.#..###...≈≈.♣≈≈.≈ .#
#.##.#..# ##..♣≈♣...≈[ .#
#.##.#..# ###.#≈..≈≈♣ .#
#.##.#..# #≈##≈.#≈≈
>###########.##.#..#########...≈♣
............<...........# #..##.
#######################.#########
#..........


You could see a two-headed ogre.

Vanquished Creatures
  Grinder (D:4)
  A water moccasin (D:4)
  An ogre (D:5)
  A scorpion (D:4)
  A howler monkey (D:5)
  A bullfrog zombie (D:5)
  An orc priest (D:3)
  A jelly (D:4)
  2 hounds
  Jessica (D:2)
  Natasha (thrice) (D:1)
  An iguana (D:5)
  An orc wizard (D:3)
  Terence (D:3)
  2 adders
  A white imp (D:3)
  An ufetubus (D:5)
  An adder skeleton (D:4)
  A worm (D:3)
  2 dart slugs
  11 orcs
  8 bats
  An endoplasm (D:2)
  4 giant cockroaches
  8 goblins
  3 hobgoblins
  7 jackals
  8 kobolds
  4 quokkas
  3 ball pythons
  5 frilled lizards (D:1)
  3 rats
90 creatures vanquished.

Vanquished Creatures (others)
  A fungus (D:2)
1 creature vanquished.

Grand Total: 91 creatures vanquished

Notes
Turn   | Place    | Note
-------+----------+-------------------------------------------
     0 | D:5      | flotson the Demonspawn Delver began the quest for the Orb.
     0 | D:5      | Reached XP level 1. HP: 18/18 MP: 1/1
     8 | D:5      | Noticed a howler monkey
   123 | D:3      | Found a runed translucent door.
   128 | D:3      | Noticed Fateal's ghost (amateur FoHu)
   332 | D:3      | Gained mutation: You have sharp fingernails. [demonic
                  | ancestry]
   332 | D:3      | Reached XP level 2. HP: 16/24 MP: 2/2
   906 | D:1      | Found a faded altar of an unknown god.
   956 | D:1      | Reached skill level 1 in Armour
  1141 | D:1      | Reached XP level 3. HP: 29/29 MP: 3/3
  1402 | D:2      | Noticed Natasha
  1496 | D:2      | Noticed Jessica
  1500 | D:1      | Killed Natasha
  1724 | D:2      | Killed Jessica
  1725 | D:2      | Gained mutation: You have very sharp fingernails. [demonic
                  | ancestry]
  1725 | D:2      | Reached XP level 4. HP: 17/36 MP: 4/4
  2145 | D:2      | Found a runed translucent door.
  2146 | D:2      | Noticed Crazy Yiuf
  2592 | D:2      | Noticed a phantom
  2663 | D:1      | Noticed Natasha
  2675 | D:1      | Killed Natasha
  2784 | D:1      | Noticed Natasha
  2797 | D:1      | Killed Natasha
  2798 | D:1      | Reached XP level 5. HP: 26/42 MP: 5/5
  2973 | D:1      | Found a faded altar of an unknown god.
  3674 | D:3      | Found Uwnaon's Antique Armour Boutique.
  3857 | D:3      | Reached skill level 1 in Throwing
  4187 | D:3      | Reached skill level 4 in Fighting
  4502 | D:3      | Noticed Terence
  4517 | D:3      | Killed Terence
  4518 | D:3      | Found a bloodstained altar of Trog.
  4870 | D:3      | Found a shimmering blue altar of Sif Muna.
  4874 | D:3      | Got Sif Muna's Catalogue of Orientation
  5115 | D:4      | Found a snail-covered altar of Cheibriados.
  5147 | D:4      | Reached XP level 6. HP: 21/48 MP: 6/6
  5446 | D:4      | Noticed a two-headed ogre
  6168 | D:4      | Found an iron altar of Okawaru.
  6369 | D:4      | Noticed Grinder
  6373 | D:4      | Paralysed by Grinder for 6 turns
  6383 | D:4      | Paralysed by Grinder for 2 turns
  6396 | D:4      | Paralysed by Grinder for 7 turns
  6407 | D:4      | Paralysed by Grinder for 3 turns
  6410 | D:4      | Killed Grinder
  6411 | D:4      | Gained mutation: You have claws for hands. [demonic
                  | ancestry]
  6411 | D:4      | Reached XP level 7. HP: 11/55 MP: 7/7
  6899 | D:5      | Found a hide-covered altar of Uskayaw.
  7403 | D:5      | Identified the -4 kite shield of Hubris {rF+}
  8244 | D:4      | Reached skill level 5 in Fighting
  8698 | D:4      | Mangled by a two-headed ogre

Illustrated notes

Levels and vault maps discovered:
D:1:      scummos_arrival_hexagon, layout_loops_ring, basic_ecumenical_altar,
          hangedman_abyss_or_decor_stabs
D:2:      layout_loops_ring, uniq_jessica, uniq_crazy_yiuf_cottage, uniq_natasha
D:3:      layout_basic, nzn_overflow_gifts_of_might_and_magic, serial_shops,
          shop, ebering_ghost_sewer_d
D:4:      layout_loops_ring, mainiacjoe_overflow_big_doors,
          chequers_serial_rivers_marsh, uniq_grinder
D:5:      layout_basic, nicolae_uskayaw_dance_hall, uniq_edmund

Skill      XL: |  1  2  3  4  5  6  7 |
---------------+----------------------+-----
Axes           | 2 3 4 |  4.1
Dodging        | 2 3 4 |  4.1
Armour         | 1 2 3 |  3.5
Throwing       | 1 2 |  2.8
Fighting       | 4 5 |  5.0
Stealth        | |  4.5

Action                   |  1- 3 |  4- 6 |  7- 9 || total
-------------------------+-------+-------+-------++-------
Melee: Hand axe          |   142 |   206 |    75 ||   423
Throw: Javelin           |       |    12 |     4 ||    16
       Boomerang         |       |    14 |       ||    14
       Dart              |       |     8 |       ||     8
  Use: Potion            |     2 |     6 |     2 ||    10
       Scroll            |     1 |       |     1 ||     2
 Stab: Sleeping          |     2 |       |       ||     2
Armor: Scale mail        |    83 |    81 |    33 ||   197
       Leather armour    |     3 |       |       ||     3
       Skin              |       |     6 |       ||     6
Dodge: Dodged            |    93 |    90 |    60 ||   243

Table legend: (Time is in decaauts)
 A = Elapsed time spent in this place.
 B = Non-inter-level travel time spent in this place.
 C = Inter-level travel time spent in this place.
 D = Time resting spent in this place.
 E = Time spent auto-exploring this place.
 F = Levels seen in this place.
 G = Mean time per level.
                   A        B        C        D        E       F      G
               +--------+--------+--------+--------+--------+-----+--------+
         Total |   8786 |   8427 |    359 |   1179 |   5951 |   5 | 1757.2 |
       Dungeon |   8786 |   8427 |    359 |   1179 |   5951 |   5 | 1757.2 |
               +--------+--------+--------+--------+--------+-----+--------+

Top non-repeatable levels by time:
     D:4: 2484 daAuts
     D:1: 2113 daAuts
     D:3: 1837 daAuts
     D:2: 1207 daAuts
     D:5: 1142 daAuts
